 Dungeon Crawl Stone Soup version 0.28-a0-445-g51f8dfeb47 (webtiles) character file.

Game seed: 7826442501726557899

2015 Majang the Basher (level 9, -12/71 HPs)
             Began as a Formicid Delver on Sept 13, 2021.
             Was a Believer of Ru.
             Mangled by a two-headed ogre (16 damage)
             ... on level 8 of the Dungeon.
             The game lasted 00:26:58 (6427 turns).

Majang the Basher (Formicid Delver)                 Turns: 6427, Time: 00:27:00

Health: -12/71     AC: 11    Str: 26    XL:     9   Next: 46%
Magic:  0/9        EV: 10    Int: 10    God:    Ru [**....]
Gold:   300        SH:  6    Dex: 21    Spells: 8/8 levels left

rFire   . . .      SeeInvis +   m - +11 mace "Meacheate" {venom, Dex+3}
rCold   . . .      Faith    .   E - +0 buckler {rN+}
rNeg    + . .      Spirit   +   B - +0 chain mail
rPois   .          Reflect  .   (helmet unavailable)
rElec   .          Harm     .   (no cloak)
rCorr   .          Rampage  .   l - +1 pair of gloves
Will    .....                   (no boots)
Stlth   +.........              b - amulet of guardian spirit
HPRegen 0.21/turn               w - +6 ring of dexterity
MPRegen 0.11/turn               i - +6 ring of strength

@: no status effects
A: permanent stasis, dig shafts and tunnels, antennae 3, inability to use
devices, four strong arms
a: Dig, Shaft Self, Renounce Religion


You were on level 8 of the Dungeon.
You worshipped Ru.
Ru was pleased with you.
You visited 2 branches of the dungeon, and saw 9 of its levels.

You collected 300 gold pieces.

Inventory:

Hand Weapons
 a - a +1 mace
 j - a +0 morningstar
 k - a +4 flail
 m - the +11 mace "Meacheate" (weapon) {venom, Dex+3}
   (You found it on level 4 of the Dungeon)

   It poisons the flesh of those it strikes.
   Dex:       It affects your dexterity (+3).
 A - a +0 spear
Missiles
 f - 49 bolts
Armour
 l - a +1 pair of gloves (worn)
 q - a +0 kite shield
 B - a +0 chain mail (worn)
 E - a +0 buckler of positive energy (worn)
Jewellery
 b - an amulet of guardian spirit (around neck)
 i - a +6 ring of strength (right hand)
 w - a +6 ring of dexterity (left hand)
 F - a ring of fire
Scrolls
 c - a scroll of fog
 d - 2 scrolls of magic mapping
 e - 2 scrolls of fear
 p - 3 scrolls of enchant armour
 r - 2 scrolls of amnesia
 t - a scroll of acquirement {unknown}
 x - a scroll of holy word {unknown}
 y - a scroll of enchant weapon
Potions
 g - 5 potions of curing
 n - 5 potions of mutation
 o - 2 potions of brilliance
 s - 2 potions of heal wounds
 u - a potion of invisibility
 v - a potion of cancellation
 z - 2 potions of ambrosia
 C - 2 potions of lignification
 D - a potion of might


   Skills:
 + Level 6.8 Fighting
 * Level 8.0 Maces & Flails
 + Level 2.0 Bows
 + Level 3.7 Armour
 + Level 3.7 Dodging
 - Level 6.0 Stealth
 + Level 4.2 Shields


You had 8 spell levels left.
You didn't know any spells.
Your spell library contained the following spells:

 Spells                   Type           Power      Damage    Failure   Level
 Animate Skeleton         Necr           0%         N/A       93%         1
 Pain                     Necr           0%         1d4       93%         1
 Corpse Rot               Necr/Air       N/A        N/A       98%         2
 Poisonous Vapours        Pois/Air       0%         N/A       98%         2
 Vampiric Draining        Necr           0%         2d6       100%        3
 Leda's Liquefaction      Hex/Erth       0%         N/A       100%        4
 Lee's Rapid Deconstruct  Erth           0%         3d5*      100%        5
 Statue Form              Tmut/Erth      0%         N/A       100%        6


Dungeon Overview and Level Annotations

Branches:
Dungeon (8/15)             Temple (1/1) D:6
   Lair: D:8-11

Altars:
Ashenzari
Cheibriados
Dithmenos
Gozag
Hepliaklqana
Kikubaaqudgha
Makhleb
Nemelex Xobeh
Okawaru
Qazlal
Ru
Sif Muna
Trog
Vehumet
Xom
Zin
The Shining One


Innate Abilities, Weirdness & Mutations

You cannot be hasted, slowed, berserked, paralysed or teleported.
You can dig through walls and to a lower floor.
You have a pair of large antennae on your head. (SInv)
You cannot study or use magical devices.
Your four strong arms can wield two-handed weapons with a shield.


Message History

Press: ? - help, Q - select action, (/) - cycle Shift-Dir - straight line, f/p - two-headed ogre
Aim: a two-headed ogre, wielding two +0 giant clubs (lightly wounded, 78% to hit)
You throw a boomerang of dispersal.
The boomerang of dispersal hits the two-headed ogre.
The two-headed ogre blinks!
You hit the two-headed ogre.
The two-headed ogre is poisoned.
The two-headed ogre is lightly wounded.
The two-headed ogre barely misses you.
The two-headed ogre hits you with a +0 giant club!
You sock the two-headed ogre!
The two-headed ogre is heavily wounded.
You block the two-headed ogre's attack. The two-headed ogre closely misses you.
Your chain mail prevents you from hitting the two-headed ogre.
The two-headed ogre is heavily wounded.
The two-headed ogre hits you with a +0 giant club!! x2
Found a glowing silver altar of Zin.
Found 15 stones.
You hit the two-headed ogre.
The two-headed ogre looks even sicker.
The two-headed ogre is severely wounded.
Found an escape hatch in the ceiling.
A bullfrog comes into view.
The bullfrog gives a loud, deep croak!
The two-headed ogre hits you with a +0 giant club!
* * * LOW HITPOINT WARNING * * *
The two-headed ogre barely misses you.
There is a stone staircase leading up here.
The two-headed ogre looks more healthy.
You bludgeon the bullfrog!!
The bullfrog is almost dead.
The bullfrog hits you but does no damage.
You completely miss the two-headed ogre.
The two-headed ogre is severely wounded.
You sock the two-headed ogre!
The two-headed ogre is poisoned.
The two-headed ogre is almost dead.
The bullfrog swells and bulges.
The bullfrog misses you.
The two-headed ogre hits you with a +0 giant club!
* * * LOW HITPOINT WARNING * * *
The two-headed ogre hits you with a +0 giant club!
You die...

.....##....#### .#
.....#..##....##..
..................
..............>..#
...............#)####
..............##....##
........F............#..
#...@O............#..
##...#.)..........#..
................#......
...####...#.............
.. ###....###........ >
####..####......
##..####....#
##..###..... ##.#.......


You could see a two-headed ogre (very poisoned) and a bullfrog.

Vanquished Creatures
  Pikel (D:7)
  Psyche (D:8)
  Grinder (D:3)
  Edmund (D:6)
  A black bear (D:6)
  2 centaurs
  3 lemures (D:7)
  A bullfrog (D:7)
  A wyvern zombie (D:5)
  2 scorpions
  A howler monkey (D:5)
  A centaur zombie (D:5)
  A bullfrog zombie (D:6)
  2 hounds
  2 orc priests (D:3)
  A gnoll shaman (D:7)
  Ijyb (D:3)
  An orc wizard (D:4)
  A hound zombie (D:5)
  A hound skeleton (D:5)
  5 gnolls (D:7)
  3 adders
  2 shadow imps
  A white imp (D:6)
  An ufetubus (D:5)
  An adder skeleton (D:4)
  3 worms
  2 dart slugs (D:1)
  6 orcs
  8 endoplasms
  9 giant cockroaches
  5 goblins
  8 hobgoblins
  13 jackals
  3 quokkas
  3 ball pythons
  2 bats
  2 frilled lizards
  6 kobolds
  6 rats
115 creatures vanquished.

Notes
Turn   | Place    | Note
-------+----------+-------------------------------------------
     0 | D:5      | Majang the Formicid Delver began the quest for the Orb.
     0 | D:5      | Reached XP level 1. HP: 18/18 MP: 1/1
    44 | D:5      | Noticed a wyvern zombie
   201 | D:3      | Noticed Grinder
   415 | D:4      | Identified the +11 mace "Meacheate" {venom, Dex+3}
   515 | D:3      | Reached XP level 2. HP: 24/24 MP: 2/2
   935 | D:2      | Reached XP level 3. HP: 30/30 MP: 3/3
   951 | D:2      | Reached skill level 3 in Maces & Flails
  1373 | D:1      | Reached XP level 4. HP: 37/37 MP: 4/4
  2251 | D:3      | Reached skill level 4 in Maces & Flails
  2251 | D:3      | Noticed Ijyb
  2274 | D:3      | Killed Ijyb
  2275 | D:3      | Reached XP level 5. HP: 30/43 MP: 5/5
  2770 | D:3      | Reached XP level 6. HP: 43/49 MP: 6/6
  2890 | D:3      | Killed Grinder
  2891 | D:3      | Reached skill level 5 in Fighting
  2891 | D:3      | Reached skill level 5 in Maces & Flails
  2891 | D:3      | Reached XP level 7. HP: 45/56 MP: 7/7
  3088 | D:4      | Reached skill level 6 in Maces & Flails
  3138 | D:4      | Found a sacrificial altar of Ru.
  3141 | D:4      | Became a worshipper of Ru the Awakened
  3576 | D:4      | Found an opulent altar of Gozag.
  4006 | D:5      | Reached skill level 1 in Shields
  4208 | D:5      | Found an ancient bone altar of Kikubaaqudgha.
  4278 | D:5      | Identified the +0 cloak of Lies {Harm Will- Dex+4}
  4320 | D:5      | Reached skill level 1 in Armour
  4532 | D:6      | Found a staircase to the Ecumenical Temple.
  4539 | Temple   | Entered the Ecumenical Temple
  4709 | D:6      | Reached XP level 8. HP: 64/64 MP: 8/8
  4816 | D:6      | Found a hazy altar of Hepliaklqana.
  4818 | D:6      | Found a faded altar of an unknown god.
  4818 | D:6      | Noticed Edmund
  4823 | D:6      | Killed Edmund
  5107 | D:6      | Reached skill level 7 in Maces & Flails
  5209 | D:6      | Gained mutation: You cannot study or use magical devices.
                  | [Ru sacrifice]
  5209 | D:6      | Reached * piety under Ru
  5209 | D:6      | Reached ** piety under Ru
  5722 | D:7      | Noticed Pikel
  5751 | D:7      | Killed Pikel
  5752 | D:7      | Reached skill level 1 in Bows
  5752 | D:7      | Reached XP level 9. HP: 54/71 MP: 6/9
  6330 | D:8      | Noticed Psyche
  6340 | D:8      | Killed Psyche
  6341 | D:8      | Reached skill level 8 in Maces & Flails
  6380 | D:8      | Noticed a two-headed ogre
  6387 | D:8      | Found a stormy altar of Qazlal.
  6398 | D:8      | Found a glowing silver altar of Zin.
  6427 | D:8      | Mangled by a two-headed ogre

Illustrated notes

Levels and vault maps discovered:
D:1:      grunt_arrival_crossed_arrows, layout_loops_ring, st_stairs_6
D:2:      minmay_skewed_foursquare, layout_rooms, chequers_serial_rivers_marsh
D:3:      layout_loops_cross, minmay_between, uniq_ijyb, uniq_grinder
D:4:      layout_loops_ring, mainiacjoe_overflow_tiny_flanked,
          lemuel_doored_altar, minmay_misc_feat_rows
D:5:      layout_loops_cross, mainiacjoe_overflow_small_starburst
D:6:      black_bear_nest_1, layout_cave_pools,
          beargit_hepliaklqana_dungeon_heroes, minmay_temple_entry_butterflies
D:7:      layout_cave_pools, uniq_pikel
D:8:      layout_rooms, elyvilon_altar_4,
          chequers_temple_overflow_statue_of_worship, hex_tiny, uniq_psyche,
          uniq_maurice
Temple:   minmay_temple_curvy_loop

Skill      XL: |  1  2  3  4  5  6  7  8  9 |
---------------+----------------------------+-----
Maces & Flails | 3 4 5 6 7 8 |  8.0
Fighting       | 4 5 6 |  6.8
Dodging        | 2 3 |  3.7
Shields        | 1 3 4 |  4.2
Armour         | 1 3 |  3.7
Bows           | 1 2 |  2.0
Stealth        | |  6.0

Action                   |  1- 3 |  4- 6 |  7- 9 || total
-------------------------+-------+-------+-------++-------
Melee: Mace              |    57 |    59 |   113 ||   229
Throw: Boomerang         |       |       |     3 ||     3
Invok: Sacrifice Artific |       |       |     1 ||     1
 Abil: Dig               |     3 |     3 |     5 ||    11
  Use: Scroll            |       |       |    18 ||    18
       Potion            |       |       |     1 ||     1
 Stab: Sleeping          |    10 |    11 |     6 ||    27
Armor: Leather armour    |    13 |     1 |       ||    14
       Ring mail         |       |    10 |    19 ||    29
       Chain mail        |       |       |     8 ||     8
Dodge: Dodged            |    20 |    24 |    43 ||    87
Block: Buckler           |       |       |    12 ||    12

Table legend: (Time is in decaauts)
 A = Elapsed time spent in this place.
 B = Non-inter-level travel time spent in this place.
 C = Inter-level travel time spent in this place.
 D = Time resting spent in this place.
 E = Time spent auto-exploring this place.
 F = Levels seen in this place.
 G = Mean time per level.
                   A        B        C        D        E       F      G
               +--------+--------+--------+--------+--------+-----+--------+
         Total |   6480 |   6001 |    479 |   1297 |   2928 |   9 |  720.0 |
       Dungeon |   6322 |   5843 |    479 |   1297 |   2928 |   8 |  790.2 |
        Temple |    157 |    157 |      0 |      0 |      0 |   1 |  157.0 |
               +--------+--------+--------+--------+--------+-----+--------+

Top non-repeatable levels by time:
     D:3: 1245 daAuts
     D:5: 1065 daAuts
     D:4: 1050 daAuts
     D:2: 806 daAuts
     D:6: 779 daAuts
     D:7: 648 daAuts
     D:1: 628 daAuts
  Temple: 157 daAuts
     D:8: 99 daAuts
